 Dungeon Crawl Stone Soup version 0.21.0-3-g78d12a8 (webtiles) character file.

46 Monsterracer the Ruffian (level 3, -2/31 HPs)
             Began as a Naga Transmuter on Jan 13, 2018.
             Slain by a goblin
             ... wielding a +0 dagger
             ... led by Robin
              (3 damage)
             ... on level 2 of the Dungeon.
             The game lasted 00:02:31 (2382 turns).

Monsterracer the Ruffian (Naga Transmuter)          Turns: 2382, Time: 00:02:31

Health: -2/31      AC:  3    Str: 11 (12) XL:     3   Next: 66%
Magic:  2/6        EV: 10    Int: 12 (14) God:
Gold:   11         SH:  0    Dex:  9 (11) Spells: 0/6 levels left

rFire    . . .     SeeInvis +     - Unarmed
rCold    . . .     Gourm    .   (no shield)
rNeg     . . .     Faith    .   b - +0 robe
rPois    +         Spirit   .   (no helmet)
rElec    .         Reflect  .   g - +0 cloak
rCorr    .         Harm     .   (no gloves)
MR       .....                  (no barding)
Stlth    +.........             (no amulet)
HPRegen  0.10/turn              (no ring)
MPRegen  0.10/turn              (no ring)

@: very slightly contaminated, hasted, quick
A: large, see invisible, deformed body, poison resistance, slowness 2, slow
metabolism 1, spit poison 1, AC +1
a: Spit Poison


You were on level 2 of the Dungeon.
You were not hungry.

You visited 1 branch of the dungeon, and saw 2 of its levels.

You collected 11 gold pieces.

Inventory:

Missiles
 a - 12 arrows
Armour
 b - a +0 robe (worn)
 g - a +0 cloak (worn)
Scrolls
 e - 2 scrolls of teleportation {unknown}
 f - 2 scrolls of remove curse {unknown}
 h - a scroll of enchant weapon {unknown}
 i - 2 scrolls of amnesia {unknown}
 l - 2 scrolls of identify {unknown}
 m - a scroll of magic mapping {unknown}
 o - a scroll of noise {unknown}
Potions
 n - 2 potions of mutation {unknown}
Books
 d - a book of Changes

   Spells                             Type                      Level
   a - Beastly Appendage              Transmutation                1
   b - Sticks to Snakes               Transmutation                2
   c - Spider Form                    Transmutation/Poison         3
   d - Ice Form                       Ice/Transmutation            4
   e - Blade Hands                    Transmutation                5
Comestibles
 c - 2 rations


   Skills:
 - Level 1.0 Fighting
 - Level 1.5 Dodging
 + Level 3.7 Unarmed Combat
 - Level 2.0 Spellcasting
 + Level 3.0 Transmutations
 + Level 0.9 Poison Magic


You couldn't memorise any spells.
You knew the following spells:

 Your Spells              Type           Power        Failure   Level  Hunger
a - Beastly Appendage     Tmut           #.....       8%          1    ##.....
b - Sticks to Snakes      Tmut           #.......     12%         2    ###....
c - Spider Form           Tmut/Pois      #.........   34%         3    ####...


Dungeon Overview and Level Annotations

Branches:
Dungeon (2/15)

Altars:

Annotations:
D:2 Robin


Innate Abilities, Weirdness & Mutations

You cannot wear boots.
Your serpentine skin is tough. (AC +1)
You have supernaturally acute eyesight. (SInv)
Armour fits poorly on your strangely shaped body.
Your system is resistant to poisons. (rPois)
You cover ground very slowly.
You have a slow metabolism.
You can spit poison.


Message History

Found a sedimented black potion.
The goblin hits you but does no damage. The goblin misses you.
Robin of the Strong Arm comes into view.
She is wielding a short sword.
Robin drinks a potion.
Robin flickers and vanishes for a moment.
The goblin hits you with a dagger.
You take 1 damage, and have 30/31 hp.
Robin's horned helmet rattles.
The goblin closely misses you.
Health restored: 31 A goblin comes into view.
It is wielding a dagger.
The goblin closely misses you.
A goblin comes into view. 2 goblins come into view.
The goblin shouts!
Robin throws the goblin at you!
The goblin moves out of view. 2 goblins come into view.
You barely miss the goblin.
The goblin shouts! x2; You hear a shout!
The goblin hits you. The goblin hits you but does no damage.
You take 1 damage, and have 30/31 hp.
You closely miss the goblin.
The goblin hits you but does no damage. x2
Casting: Spider Form
Confirm with . or Enter, or press ? or * to list all spells.
You miscast Spider Form.
You are very lightly contaminated with residual magic.
Your skin tingles.
The goblin hits you but does no damage. The goblin barely misses you. x3
A goblin comes into view.
You now have 3/6 mp.
Casting: Spider Form
Confirm with . or Enter, or press ? or * to list all spells.
You turn into a venomous arachnid creature.
Your +0 cloak melds into your body.
Your +0 robe melds into your body.
The goblin shouts!
The goblin completely misses you. The goblin closely misses you.
The goblin misses you. The goblin hits you with a dagger.
You take 2 damage, and have 28/31 hp.
You now have 0/6 mp.
You hit the goblin.
You kill the goblin!
The goblin completely misses you. The goblin barely misses you.
Robin throws the goblin at you! The goblin hits you.
You take 4 damage, and have 24/31 hp.
You hit the goblin.
The goblin is heavily wounded.
The goblin misses you. x2; The goblin hits you with a dagger.
Robin completely misses you.
A goblin comes into view. It is wielding a dagger of venom.
You take 3 damage, and have 21/31 hp.
You hit the goblin but do no damage.
The goblin is poisoned.
The goblin is heavily wounded.
You kill the goblin!
The goblin barely misses you. The goblin misses you.
The goblin hits you but does no damage. Robin throws the goblin at you!
You take 1 damage, and have 20/31 hp.
You hit the goblin but do no damage.
The goblin is poisoned.
The goblin misses you. x2; The goblin hits you with a dagger.
The goblin barely misses you.
You take 4 damage, and have 16/31 hp.
You barely miss the goblin.
Your transformation is almost over.
The goblin hits you.
* * * LOW HITPOINT WARNING * * *
The goblin completely misses you. The goblin hits you with a dagger.
* * * LOW HITPOINT WARNING * * *
The goblin closely misses you. Robin misses you.
You take 5 damage, and have 11/31 hp.
The goblin hits you but does no damage. The goblin closely misses you.
Robin roars a battlecry!
The goblins go into a battle-frenzy!
You hear a shout!
The goblin hits you but does no damage.
A quokka comes into view.
The goblin completely misses you.
Your transformation has ended.
Your +0 cloak unmelds from your body.
Your +0 robe unmelds from your body.
You feel a bit more experienced. The goblin hits you but does no damage.
Robin roars a battlecry!
Robin throws the goblin at you!
* * * LOW HITPOINT WARNING * * *
The goblin hits you with a dagger.
* * * LOW HITPOINT WARNING * * *
You take 7 damage, and have 5/31 hp.
MASSIVE DAMAGE!!
Okay, then.
It was a potion of degeneration.
There was something very wrong with that liquid.
You feel weakened.
You feel dopey.
You feel clumsy. The goblin closely misses you.
The goblin hits you with a dagger.
* * * LOW HITPOINT WARNING * * *
You take 2 damage, and have 3/31 hp.
It was a potion of haste.
You feel yourself speed up. The goblin hits you but does no damage.
The goblin barely misses you. Robin throws the goblin at you!
The goblin barely misses you. x2
The goblin hits you with a dagger.
* * * LOW HITPOINT WARNING * * *
You take 2 damage, and have 1/31 hp.
The goblin no longer looks unusually strong.
The goblin hits you with a dagger.
You die...

<# ###...g...# .#
##....g.g### .#
##......##).# .#
#.....##....# .#
###.#.##...##g# .#
#.......g.....#.# .#
#.#...#..g.##g....#
..
#.....#..#gg......#
#g. #..@rg........#
..gg.#..#g.g........#
#...#g...........#
#.#...............
#..#$..............
#..!?.......!.....
..#########...... ###
#...


You could see Robin (invisible), a quokka, a hobgoblin and 7 goblins.

Vanquished Creatures
  An adder (D:2)
  3 dart slugs (D:1)
  2 leopard geckos
  2 bats
  2 giant cockroaches
  6 goblins
  5 hobgoblins
  A quokka (D:2)
  3 kobolds
  A rat (D:1)
26 creatures vanquished.

Notes
Turn   | Place    | Note
-------+----------+-------------------------------------------
     0 | D:1      | Monsterracer the Naga Transmuter began the quest for the Orb.
     0 | D:1      | Reached XP level 1. HP: 18/18 MP: 3/3
   238 | D:1      | Reached XP level 2. HP: 15/25 MP: 5/5
   375 | D:1      | HP: 9/25 [hobgoblin/club (5)]
   389 | D:1      | Learned a level 2 spell: Sticks to Snakes
  1249 | D:2      | Reached XP level 3. HP: 22/31 MP: 6/6
  1254 | D:2      | Learned a level 3 spell: Spider Form
  1308 | D:2      | HP: 15/31 [leopard gecko (5)]
  1313 | D:2      | HP: 9/31 [leopard gecko (2)]
  1956 | D:2      | HP: 15/31 [hobgoblin/club (6)]
  1970 | D:2      | HP: 6/31 [worm (11)]
  2352 | D:2      | Noticed Robin
  2368 | D:2      | HP: 13/31 [goblin[Robin] (3)]
  2378 | D:2      | HP: 11/31 [Robin/goblin (1)]
  2378 | D:2      | HP: 5/31 [goblin/dagger[Robin] (6)]
  2381 | D:2      | HP: 1/31 [goblin/dagger[Robin] (2)]
  2382 | D:2      | Slain by a goblin

Skill      XL: |  1  2  3 |
---------------+----------+-----
Transmutations | 3 |  3.0
Fighting       | |  1.0
Dodging        | |  1.5
Unarmed Combat | |  3.7
Spellcasting   | |  2.0
Poison Magic   | |  0.9

Action                   || total
-------------------------++-------
Melee: Unarmed           ||   126
       Punch             ||     1
 Cast: Spider Form       ||     1
 Abil: Spit Poison       ||     3
  Use: Potion            ||     2
  Eat: Ration            ||     1
       Chunk             ||     1
Armor: Robe              ||    38
       Skin              ||     2
Dodge: Dodged            ||    99

Vault maps used:
D:1:      minmay_arrival_pointy, minmay_split_cup_small
D:2:      hangedman_decor_peaks_small, uniq_robin
